| TOP OF THE 1ST |
|
Chicago Cubs batting - Pitching for Montreal Expos : LHP Mark W Davis
|
|
Pitching: LHP Mark W Davis
|
|
|
Batting: LHB John Elway
|
0-0: Called Strike 0-1: Foul Ball, location: 2F 0-2: Ball 1-2: Ball 2-2: Strikes out looking
|
|
Batting: LHB Lee Pruitt
|
0-0: Called Strike 0-1: Ball 1-1: Foul Ball, location: 2F 1-2: Fly out, F8 (Flyball, 89D, EV 83.8 MPH)
|
|
Batting: RHB Marty Castillo
|
0-0: Called Strike 0-1: DOUBLE (Line Drive, 89D, EV 104.4 MPH)
|
|
Batting: LHB Johnny Grubb
|
0-0: Fly out, F9 (Flyball, 89D, EV 88.1 MPH)
|
| Top of the 1st over - 0 runs, 1 hit, 0 errors, 1 left on base; Chicago 0 - Montreal 0 |
| BOTTOM OF THE 1ST |
|
Montreal Expos batting - Pitching for Chicago Cubs : RHP John Brown
|
|
Pitching: RHP John Brown
|
|
|
Batting: RHB Juan Villa
|
0-0: Ball 1-0: Bunt missed! 1-1: Called Strike 1-2: Ball 2-2: Fly out, F8 (Flyball, 8LS, EV 87.5 MPH)
|
|
Batting: SHB Garry Templeton
|
0-0: Bunt missed! 0-1: Ball 1-1: Foul Ball, location: 2F 1-2: Foul Ball, location: 2F 1-2: Ball 2-2: Foul Ball, location: 2F 2-2: DOUBLE (Line Drive, 89D, EV 110.0 MPH)
|
|
Batting: LHB Kirk Gibson
|
0-0: Ball 1-0: Ball 2-0: Ball 3-0: Called Strike 3-1: Foul Ball, location: 2F 3-2: Fly out, F6 (Flyball, 6MD, EV 81.9 MPH)
|
|
Batting: RHB Dale Murphy
|
0-0: Called Strike 0-1: Ball 1-1: Fly out, F8 (Flyball, 78XD, EV 89.4 MPH)
|
| Bottom of the 1st over - 0 runs, 1 hit, 0 errors, 1 left on base; Chicago 0 - Montreal 0 |
| TOP OF THE 2ND |
|
Chicago Cubs batting - Pitching for Montreal Expos : LHP Mark W Davis
|
|
Batting: RHB Gary Ward
|
0-0: Called Strike 0-1: Ball 1-1: Fly out, F8 (Flyball, 8LXD, EV 107.5 MPH)
|
|
Batting: RHB Bob Brenly
|
0-0: Ball 1-0: Called Strike 1-1: Swinging Strike 1-2: Ball 2-2: Ball 3-2: Strikes out swinging
|
|
Batting: LHB Tom Lombarski
|
0-0: Called Strike 0-1: Called Strike 0-2: Ball 1-2: Ball 2-2: Strikes out swinging
|
| Top of the 2nd over - 0 runs, 0 hits, 0 errors, 0 left on base; Chicago 0 - Montreal 0 |
| BOTTOM OF THE 2ND |
|
Montreal Expos batting - Pitching for Chicago Cubs : RHP John Brown
|
|
Batting: RHB Dave Winfield
|
0-0: Ball 1-0: Swinging Strike 1-1: Fly out, F8 (Flyball, 89M, EV 88.8 MPH)
|
|
Batting: LHB Timnothy Meyer
|
0-0: Ball 1-0: Called Strike 1-1: Ball 2-1: Fly out, F7 (Flyball, 7LD, EV 89.4 MPH)
|
|
Batting: RHB Philip Klimas
|
0-0: Called Strike 0-1: Foul Ball, location: 2F 0-2: Foul Ball, location: 2F 0-2: Ball 1-2: TRIPLE (Line Drive, 8LXD, EV 105.6 MPH)
|
|
Batting: SHB Biff Pocoroba
|
0-0: Ball 1-0: Foul Ball, location: 2F 1-1: Ball 2-1: Called Strike 2-2: Ground out 4-3 (Groundball, 4, EV 85.0 MPH)
|
| Bottom of the 2nd over - 0 runs, 1 hit, 0 errors, 1 left on base; Chicago 0 - Montreal 0 |
| TOP OF THE 3RD |
|
Chicago Cubs batting - Pitching for Montreal Expos : LHP Mark W Davis
|
|
Batting: RHB Randy Ready
|
0-0: Ball 1-0: Ball 2-0: DOUBLE (Flyball, 89D, EV 91.9 MPH)
|
|
Batting: RHB John Brown
|
0-0: Bunted foul 0-1: Sac Bunt to P - play at first, batter OUT! 1-4 Randy Ready to third
|
|
Batting: LHB John Elway
|
0-0: Ball 1-0: Fly out, F8 (Flyball, 8LXD, EV 93.1 MPH) Runner from 3rd tags up, SCORES, no throw by CF
|
|
Batting: LHB Lee Pruitt
|
0-0: Ball 1-0: Foul Ball, location: 2F 1-1: Foul Ball, location: 2F 1-2: Ball 2-2: Ball 3-2: Base on Balls
|
|
Batting: RHB Marty Castillo
|
0-0: Called Strike 0-1: Ground out 5-3 (Groundball, 56, EV 78.1 MPH)
|
| Top of the 3rd over - 1 run, 1 hit, 0 errors, 1 left on base; Chicago 1 - Montreal 0 |
| BOTTOM OF THE 3RD |
|
Montreal Expos batting - Pitching for Chicago Cubs : RHP John Brown
|
|
Batting: LHB Mark W Davis
|
0-0: Called Strike 0-1: Ground out 5-3 (Groundball, 56S, EV 61.9 MPH)
|
|
Batting: RHB Juan Villa
|
0-0: Called Strike 0-1: Foul Ball, location: 2F 0-2: Fly out, F9 (Flyball, 9S, EV 94.4 MPH)
|
|
Batting: SHB Garry Templeton
|
0-0: Ball 1-0: Called Strike 1-1: Ball 2-1: Swinging Strike 2-2: Strikes out looking
|
| Bottom of the 3rd over - 0 runs, 0 hits, 0 errors, 0 left on base; Chicago 1 - Montreal 0 |
| TOP OF THE 4TH |
|
Chicago Cubs batting - Pitching for Montreal Expos : LHP Mark W Davis
|
|
Batting: LHB Johnny Grubb
|
0-0: Ball 1-0: SINGLE (Line Drive, 89M, EV 97.5 MPH)
|
|
Batting: RHB Gary Ward
|
0-0: DOUBLE (Line Drive, 9LD, EV 107.5 MPH) Johnny Grubb to third Runner from 3rd tries for Home, SAFE, throw by RF to home
|
|
Batting: RHB Bob Brenly
|
0-0: Foul Ball, location: 2F 0-1: Swinging Strike 0-2: Foul Ball, location: 2F 0-2: Strikes out swinging
|
|
Batting: LHB Tom Lombarski
|
0-0: Called Strike 0-1: Called Strike 0-2: Strikes out swinging
|
|
Batting: RHB Randy Ready
|
0-0: Foul Ball, location: 2F 0-1: Foul Ball, location: 2F 0-2: Ball 1-2: Ball 2-2: Strikes out swinging
|
| Top of the 4th over - 1 run, 2 hits, 0 errors, 1 left on base; Chicago 2 - Montreal 0 |
| BOTTOM OF THE 4TH |
|
Montreal Expos batting - Pitching for Chicago Cubs : RHP John Brown
|
|
Batting: LHB Kirk Gibson
|
0-0: Ball 1-0: Ball 2-0: Ball 3-0: Called Strike 3-1: Ground out 4-3 (Groundball, 4S, EV 66.3 MPH)
|
|
Batting: RHB Dale Murphy
|
0-0: Swinging Strike 0-1: Ball 1-1: Ball 2-1: DOUBLE (Flyball, 9LD, EV 97.5 MPH)
|
|
Batting: RHB Dave Winfield
|
0-0: Ball 1-0: Called Strike 1-1: Ground out 5-3 (Groundball, 56S, EV 83.1 MPH)
|
|
Batting: LHB Timnothy Meyer
|
0-0: Fly out, F4 (Line Drive, 4, EV 61.9 MPH)
|
| Bottom of the 4th over - 0 runs, 1 hit, 0 errors, 1 left on base; Chicago 2 - Montreal 0 |
| TOP OF THE 5TH |
|
Chicago Cubs batting - Pitching for Montreal Expos : LHP Mark W Davis
|
|
Pinch Hitting: RHB Bill Madlock
|
0-0: Ball 1-0: Foul Ball, location: 2F 1-1: Ball 2-1: Swinging Strike 2-2: Strikes out swinging
|
|
Pitching: RHP Rollie Fingers
|
|
|
Batting: LHB John Elway
|
0-0: Called Strike 0-1: Called Strike 0-2: Foul Ball, location: 2F 0-2: Foul Ball, location: 2F 0-2: SINGLE (Groundball, 5D, EV 111.3 MPH)
|
|
Pitching: LHP Bob Ojeda
|
|
|
Batting: LHB Lee Pruitt
|
0-0: Called Strike 0-1: Ball 1-1: Called Strike 1-2: Fly out, F6 (Popup, 6S, EV 86.3 MPH)
|
|
Batting: RHB Marty Castillo
|
0-0: Ball John Elway steals 2nd base 1-0: Swinging Strike 1-1: Called Strike 1-2: Strikes out swinging
|
| Top of the 5th over - 0 runs, 1 hit, 0 errors, 1 left on base; Chicago 2 - Montreal 0 |
| BOTTOM OF THE 5TH |
|
Montreal Expos batting - Pitching for Chicago Cubs : RHP John Brown
|
|
Pitching: LHP Abelino Pena
|
|
|
Batting: RHB Philip Klimas
|
0-0: Ball 1-0: Fly out, F8 (Line Drive, 8LM, EV 89.4 MPH)
|
|
Batting: SHB Biff Pocoroba
|
0-0: Swinging Strike 0-1: Ball 1-1: SINGLE (Groundball, 4MD, EV 106.9 MPH)
|
|
Batting: LHB Bob Ojeda
|
0-0: Ball 1-0: Sac Bunt to 13S - play at second, runner safe!
|
|
Batting: RHB Juan Villa
|
0-0: Foul Ball, location: 2F 0-1: Ball 1-1: Fielders Choice at 2nd, 5-4 (Groundball, 56, EV 97.5 MPH) Biff Pocoroba to third
|
|
Batting: SHB Garry Templeton
|
0-0: Foul Ball, location: 2F 0-1: Ball 1-1: Ball 2-1: Swinging Strike 2-2: Ball 3-2: SINGLE (Line Drive, 89M, EV 105.0 MPH) Biff Pocoroba scores Juan Villa to second Juan Villa to third
|
|
Batting: LHB Kirk Gibson
|
0-0: Ball 1-0: Ball 2-0: Foul Ball, location: 2F 2-1: Foul Ball, location: 2F 2-2: Fly out, F7 (Flyball, 7, EV 81.3 MPH)
|
| Bottom of the 5th over - 1 run, 2 hits, 0 errors, 2 left on base; Chicago 2 - Montreal 1 |
| TOP OF THE 6TH |
|
Chicago Cubs batting - Pitching for Montreal Expos : LHP Bob Ojeda
|
|
Batting: LHB Johnny Grubb
|
0-0: Called Strike 0-1: Ball 1-1: Ball 2-1: Ground out U3 (Groundball, 3L, EV 101.3 MPH)
|
|
Batting: RHB Gary Ward
|
0-0: Ball 1-0: Called Strike 1-1: Foul Ball, location: 2F 1-2: Foul Ball, location: 2F 1-2: Fly out, F8 (Flyball, 8LXD, EV 93.1 MPH)
|
|
Batting: RHB Bob Brenly
|
0-0: Ball 1-0: Ground out 4-3 (Groundball, 4, EV 108.8 MPH)
|
| Top of the 6th over - 0 runs, 0 hits, 0 errors, 0 left on base; Chicago 2 - Montreal 1 |
| BOTTOM OF THE 6TH |
|
Montreal Expos batting - Pitching for Chicago Cubs : LHP Abelino Pena
|
|
Batting: RHB Dale Murphy
|
0-0: Ball 1-0: SINGLE (Groundball, 6D, EV 98.8 MPH)
|
|
Batting: RHB Dave Winfield
|
0-0: DOUBLE (Line Drive, 3D, EV 98.1 MPH) Dale Murphy to third Runner from 3rd tries for Home, SAFE, throw by RF to home
|
|
Batting: LHB Timnothy Meyer
|
0-0: Swinging Strike 0-1: Foul Ball, location: 2F 0-2: Strikes out looking
|
|
Batting: RHB Philip Klimas
|
0-0: Intentional Walk
|
|
Batting: SHB Biff Pocoroba
|
0-0: Grounds into double play, 6-4-3 (Groundball, 6, EV 88.1 MPH)
|
| Bottom of the 6th over - 1 run, 2 hits, 0 errors, 1 left on base; Chicago 2 - Montreal 2 |
| TOP OF THE 7TH |
|
Chicago Cubs batting - Pitching for Montreal Expos : LHP Bob Ojeda
|
|
Batting: LHB Tom Lombarski
|
0-0: Ground out 5-3 (Groundball, 56, EV 101.3 MPH)
|
|
Batting: RHB Randy Ready
|
0-0: Swinging Strike 0-1: Ball 1-1: Ball 2-1: Foul Ball, location: 2F 2-2: Foul Ball, location: 2F 2-2: Ball 3-2: Base on Balls
|
|
Pinch Hitting: RHB Lonnie Smith
|
0-0: Called Strike 0-1: Ball 1-1: Called Strike 1-2: Ground out 5-3 (Groundball, 56, EV 88.1 MPH) Randy Ready to second
|
|
Pinch Hitting: LHB Dave Bergman
|
0-0: Ball 1-0: Fly out, F4 (Popup, 3S, EV 88.1 MPH)
|
| Top of the 7th over - 0 runs, 0 hits, 0 errors, 1 left on base; Chicago 2 - Montreal 2 |
| BOTTOM OF THE 7TH |
|
Montreal Expos batting - Pitching for Chicago Cubs : LHP Abelino Pena
|
|
Pitching: RHP Marty Hulse
|
|
|
Now in CF: Dave Bergman
|
|
|
Pinch Hitting: LHB Guonçalo Fernandes
|
0-0: Ball 1-0: Swinging Strike 1-1: Ball 2-1: Called Strike 2-2: Strikes out looking
|
|
Pinch Hitting: LHB Duane Walker
|
0-0: Ball 1-0: Foul Ball, location: 2F 1-1: Foul Ball, location: 2F 1-2: Ball 2-2: Fly out, F8 (Flyball, 8RD, EV 93.1 MPH)
|
|
Pinch Hitting: SHB Alex Ortiz
|
0-0: Called Strike 0-1: Called Strike 0-2: Ball 1-2: Foul Ball, location: 2F 1-2: Ball 2-2: Strikes out swinging
|
| Bottom of the 7th over - 0 runs, 0 hits, 0 errors, 0 left on base; Chicago 2 - Montreal 2 |
| TOP OF THE 8TH |
|
Chicago Cubs batting - Pitching for Montreal Expos : LHP Bob Ojeda
|
|
Pitching: RHP John Stuper
|
|
|
Now at SS: Alex Ortiz
|
|
|
Now in CF: Duane Walker
|
|
|
Pinch Hitting: SHB Roy Smalley
|
0-0: Called Strike 0-1: Called Strike 0-2: Ball 1-2: Ball 2-2: SINGLE (Groundball, 3D, EV 106.3 MPH)
|
|
Pinch Runner at 1st Willie Randolph:
|
|
|
Pinch Hitting: RHB Fran Mullins
|
0-0: Foul Ball, location: 2F 0-1: Swinging Strike 0-2: SINGLE (Line Drive, 89M, EV 104.4 MPH) Willie Randolph to second
|
|
Pinch Hitting: LHB Bruce Bochte
|
0-0: Ball 1-0: Fly out, F8 (Line Drive, 8LD, EV 96.9 MPH) Runner from 2nd tags up, SAFE at 3rd with throw by CF
|
|
Pinch Hitting: LHB Dan Pasqua
|
0-0: Swinging Strike 0-1: Ball 1-1: SINGLE (Groundball, 6MD, EV 96.9 MPH) Willie Randolph scores Fran Mullins to second Runner from 2nd tries for 3rd, SAFE, no throw by CF
|
|
Batting: RHB Bob Brenly
|
0-0: Swinging Strike 0-1: Foul Ball, location: 2F 0-2: Ball 1-2: Ball 2-2: Fly out, F9 (Flyball, 9, EV 83.8 MPH) Runner from 3rd tags up, OUT at HOME! 9-2
|
| Top of the 8th over - 1 run, 3 hits, 0 errors, 1 left on base; Chicago 3 - Montreal 2 |
| BOTTOM OF THE 8TH |
|
Montreal Expos batting - Pitching for Chicago Cubs : RHP Marty Hulse
|
|
Pitching: RHP Tom Niedenfuer
|
|
|
Now at 1B: Willie Gonzalez
|
|
|
Now at 2B: Willie Randolph
|
|
|
Now in LF: Bruce Bochte
|
|
|
Now in RF: Jim Rice
|
|
|
Pinch Hitting: RHB Luis Sanchez
|
0-0: Ball 1-0: Ground out 6-3 (Groundball, 6, EV 92.5 MPH)
|
|
Pinch Hitting: LHB Gary Rajsich
|
0-0: SOLO HOME RUN (Flyball, 9D, EV 98.8 MPH), Distance : 422 ft
|
|
Pinch Hitting: SHB George D Wright
|
0-0: Swinging Strike 0-1: Ball 1-1: Called Strike 1-2: Foul Ball, location: 2F 1-2: Foul Ball, location: 2F 1-2: Ball 2-2: Ball 3-2: Ground out 5-3 (Groundball, 5, EV 86.9 MPH)
|
|
Pinch Hitting: LHB Ernesto Quevedo
|
0-0: SINGLE (Flyball, 78S, EV 90.0 MPH)
|
|
Batting: RHB Philip Klimas
|
0-0: Ball 1-0: 2-RUN HOME RUN (Line Drive, 7LD, EV 104.4 MPH), Distance : 358 ft
|
|
Batting: SHB Biff Pocoroba
|
0-0: Ground out U3 (Groundball, 34, EV 85.6 MPH)
|
| Bottom of the 8th over - 3 runs, 3 hits, 0 errors, 0 left on base; Chicago 3 - Montreal 5 |
| TOP OF THE 9TH |
|
Chicago Cubs batting - Pitching for Montreal Expos : RHP John Stuper
|
|
Now at 1B: Doe Boyland
|
|
|
Now at SS: Ernesto Quevedo
|
|
|
Now in LF: George D Wright
|
|
|
Now in RF: Luis Sanchez
|
|
|
Pinch Hitting: RHB Houston Jimenez
|
0-0: Swinging Strike 0-1: Ball 1-1: Fly out, F8 (Flyball, 8RM, EV 96.9 MPH)
|
|
Pinch Hitting: LHB Gerald Perry
|
0-0: Ball 1-0: Ball 2-0: Ball 3-0: Base on Balls
|
|
Batting: LHB Willie Gonzalez
|
0-0: Called Strike 0-1: Ground out 5-3 (Groundball, 56S, EV 73.1 MPH) Gerald Perry to second
|
|
Batting: LHB Dave Bergman
|
0-0: Foul Ball, location: 2F 0-1: Foul Ball, location: 2F 0-2: Fly out, F9 (Flyball, 89D, EV 85.0 MPH)
|
| Top of the 9th over - 0 runs, 0 hits, 0 errors, 1 left on base; Chicago 3 - Montreal 5 |
|